 Dungeon Crawl Stone Soup version 0.29-a0-643-ga013cefcf8 (webtiles) character file.

Game seed: 4312246786852866914

96 happo123 the Gusty (level 4, -3/25 HPs)
             Began as a Tengu Air Elementalist on June 19, 2022.
             Slain by an orc warrior
             ... wielding a +0 short sword
              (12 damage)
             ... on level 4 of the Dungeon.
             The game lasted 00:19:23 (1833 turns).

happo123 the Gusty (Tengu Air Elementalist)         Turns: 1833, Time: 00:19:23

Health: -3/25      AC:  2    Str:  8    XL:     4   Next: 67%
Magic:  1/8        EV: 13    Int: 17    God:
Gold:   131        SH:  0    Dex: 15    Spells: 1/7 levels left

rFire   . . .      SeeInvis .   e - +0 dagger
rCold   . . .      Faith    .   (no shield)
rNeg    . . .      Spirit   .   a - +0 robe
rPois   .          Reflect  .   (helmet restricted)
rElec   .          Harm     .   (no cloak)
rCorr   .          Rampage  .   (no gloves)
Will    .....                   (boots unavailable)
Stlth   ++........              (no amulet)
HPRegen 0.08/turn               (no ring)
MPRegen 0.11/turn               (no ring)

@: no status effects
A: beak, talons 3
a: no special abilities


You were on level 4 of the Dungeon.
You visited 1 branch of the dungeon, and saw 4 of its levels.

You collected 159 gold pieces.
You spent 28 gold pieces at shops.

Inventory:

Hand Weapons
 e - a +0 dagger (weapon)
Armour
 a - a +0 robe (worn)
Scrolls
 c - 2 scrolls of identify
 d - 4 scrolls of poison
 j - a scroll of noise {unknown}
 k - 2 scrolls of fear
 m - a scroll of acquirement {unknown}
 n - a scroll of immolation {unknown}
 p - a scroll of blinking {unknown}
Potions
 b - a potion of magic
 f - a potion of mutation {unknown}
 g - a potion of haste {unknown}
 h - a potion of lignification {unknown}
 i - 2 potions of brilliance {unknown}
 l - a potion of flight {unknown}
 o - 4 potions of curing {unknown}


   Skills:
 + Level 1.1 Fighting
 + Level 0.5 Short Blades
 + Level 2.7 Dodging
 + Level 2.3 Stealth
 + Level 2.3 Spellcasting
 * Level 3.1 Conjurations
 * Level 4.9 Air Magic


You had one spell level left.
You knew the following spells:

 Your Spells              Type           Power      Damage    Failure   Level
a - Shock                 Conj/Air       60%        1d6       3%          1
b - Static Discharge      Conj/Air       15%        N/A       5%          2
c - Swiftness             Air            18%        N/A       8%          3

Your spell library contained the following spells:

 Spells                   Type           Power      Damage    Failure   Level
 Airstrike                Air            9%         N/A       24%         4
 Summon Guardian Golem    Hex/Summ       2%         N/A       50%         3
 Orb of Destruction       Conj           6%         9d6       100%        7
 Spellforged Servitor     Conj/Summ      3%         N/A       100%        7


Dungeon Overview and Level Annotations

Branches:
Dungeon (4/15)
 Temple: D:4-7

Altars:
Qazlal

Shops:
D:3 ?


Innate Abilities, Weirdness & Mutations

You have a beak for a mouth.
You have claws for feet.


Message History

You kill the kobold!
The lightning grounds out.
Your magical contamination has completely faded away.
Your Fighting skill increases to level 1!
Your Conjurations skill increases to level 3!
Aiming: Shock (safe; 3% risk of failure)
Press: ? - help, Q - select action, (/) - cycle Shift-Dir - straight line, f - kobold
Aim: a kobold, wielding a +0 whip and quivering stones (64% to hit)
The zap hits the kobold.
You kill the kobold!
Things that are here:
a +0 club; 4 stones
Found a fuming amethyst potion.
An orc warrior comes into view. It is wielding a +0 short sword.
Things that are here:
a +0 whip; 2 stones
Things that are here:
a +0 club; 4 stones
Aiming: Shock (safe; 3% risk of failure)
Press: ? - help, Q - select action, (/) - cycle Shift-Dir - straight line The zap hits the orc warrior.
The orc warrior is lightly wounded.
The orc warrior completely misses you.
An orc priest comes into view. It is wielding a +0 hand axe.
The orc warrior attacks as you move away!
The orc warrior hits you with a +0 short sword.
The orc warrior attacks as you move away!
The orc warrior hits you with a +0 short sword!
The orc warrior attacks as you move away!
The orc warrior completely misses you.
The orc warrior attacks as you move away!
The orc warrior hits you with a +0 short sword.
Aiming: Shock (safe; 3% risk of failure)
Press: ? - help, Q - select action, (/) - cycle Shift-Dir - straight line, f - orc warrior
Aim: an orc warrior, wielding a +0 short sword and wearing a +0 plate armour (lightly wounded, 71% to hit)
That beam is likely to hit you.
Continue anyway?
Okay, then.
The orc warrior attacks as you move away!
The orc warrior hits you with a +0 short sword!
You die...

....#)# ###
...#.# #..#
...#.# ....#
#..#.#
.....##..#.#
........##.###.#
...............#
........o#.#####
########@#...
#.######
#.#<...#
#.####.# #.# #.#
#.####.#
#......#
########


You could see an orc warrior.

Vanquished Creatures
  A jelly (D:4)
  2 adders (D:2)
  A dart slug (D:3)
  2 orcs (D:3)
  6 endoplasms
  2 goblins
  2 hobgoblins
  6 kobolds
  4 quokkas
  6 ball pythons
  6 bats
  2 frilled lizards (D:3)
  6 rats
46 creatures vanquished.

Notes
Turn   | Place    | Note
-------+----------+-------------------------------------------
     0 | D:1      | happo123 the Tengu Air Elementalist began the quest for the
                  | Orb.
     0 | D:1      | Reached XP level 1. HP: 10/10 MP: 4/4
   228 | D:1      | Reached XP level 2. HP: 10/15 MP: 1/6
   241 | D:1      | Learned a level 2 spell: Static Discharge
   245 | D:1      | Found a faded altar of an unknown god.
   758 | D:2      | Reached XP level 3. HP: 20/20 MP: 1/7
   762 | D:2      | Learned a level 3 spell: Swiftness
  1398 | D:3      | Found Miesof's Magic Scroll Emporium.
  1407 | D:3      | Bought a scroll of identify for 28 gold pieces
  1447 | D:3      | Found a stormy altar of Qazlal.
  1513 | D:3      | Reached XP level 4. HP: 24/24 MP: 6/8
  1815 | D:4      | Reached skill level 1 in Fighting
  1819 | D:4      | Noticed an orc warrior
  1833 | D:4      | Slain by an orc warrior

Illustrated notes

Levels and vault maps discovered:
D:1:      tarquinn_simple_flora_water_b, layout_loops_ring,
          hellmonk_ecumenical_altar_arch_garden
D:2:      layout_basic
D:3:      layout_basic, nicolae_overflow_hidden_temple, serial_shops,
          nicolae_lakefront_shop
D:4:      layout_basic, lemuel_crystal_altar, nicolae_dithmenos_the_darkroom,
          minivault_19

Skill      XL: |  1  2  3  4 |
---------------+-------------+-----
Conjurations   | 2 3 |  3.1
Fighting       | 1 |  1.1
Short Blades   | |  0.5
Dodging        | |  2.7
Stealth        | |  2.3
Spellcasting   | |  2.3
Air Magic      | |  4.9

Action                   |  1- 3 |  4- 6 || total
-------------------------+-------+-------++-------
Melee: Dagger            |    33 |     4 ||    37
       Kick              |     6 |     2 ||     8
       Unarmed           |     1 |       ||     1
       Peck              |     4 |       ||     4
 Cast: Shock             |    52 |     7 ||    59
       Static Discharge  |     2 |     1 ||     3
  Use: Scroll            |     1 |     1 ||     2
 Stab: Sleeping          |     5 |       ||     5
Armor: Robe              |     5 |     2 ||     7
Dodge: Dodged            |    27 |     3 ||    30

Table legend: (Time is in decaauts)
 A = Elapsed time spent in this place.
 B = Non-inter-level travel time spent in this place.
 C = Inter-level travel time spent in this place.
 D = Time resting spent in this place.
 E = Time spent auto-exploring this place.
 F = Levels seen in this place.
 G = Mean time per level.
                   A        B        C        D        E       F      G
               +--------+--------+--------+--------+--------+-----+--------+
         Total |   1832 |   1042 |    790 |      0 |    652 |   4 |  458.0 |
       Dungeon |   1832 |   1042 |    790 |      0 |    652 |   4 |  458.0 |
               +--------+--------+--------+--------+--------+-----+--------+

Top non-repeatable levels by time:
     D:1: 686 daAuts
     D:3: 609 daAuts
     D:2: 482 daAuts
     D:4: 54 daAuts
